 Dungeon Crawl Stone Soup version 0.30-a0-802-gb92711bcdf (webtiles) character file.

Game seed: 2261063178268358105

97 cforsyth the Sneak (level 5, -2/32 HPs)
             Began as a Kobold Brigand on Feb 24, 2023.
             Splashed by a jelly's acid (8 damage)
             ... on level 3 of the Dungeon.
             The game lasted 00:02:15 (1972 turns).

cforsyth the Sneak (Kobold Brigand)                 Turns: 1972, Time: 00:02:16

Health: -2/32      AC: -3    Str:  8    XL:     5   Next: 0%
Magic:  5/5        EV: 15    Int: 13    God:
Gold:   144        SH:  0    Dex: 18    Spells: 4/4 levels left

rFire   . . .      SeeInvis .    a - +2 dagger
rCold   . . .      Faith    .    (no shield)
rNeg    . . .      Spirit   .    b - +0 robe
rPois   .          Reflect  .    q - +0 helmet
rElec   .          Harm     .    c - +0 cloak
rCorr   .          Rampage  .    s - +0 pair of gloves
Will    .....                    (no boots)
Stlth   ++++                     (no amulet)
HPRegen 0.25/turn                (no ring)
MPRegen 0.09/turn                (no ring)

@: corroded
A: small, no large weapons, nightstalker 3
a: no special abilities


You were on level 3 of the Dungeon.
You visited 1 branch of the dungeon, and saw 3 of its levels.

You collected 144 gold pieces.

Inventory:

Hand Weapons
 a - a +2 dagger (weapon)
Missiles
 d - 9 poisoned darts (quivered)
 e - 3 curare-tipped darts
 l - 6 atropa-tipped darts
Armour
 b - a +0 robe (worn)
 c - a +0 cloak (worn)
 o - a +0 buckler
 q - a +0 helmet (worn)
 s - a +0 pair of gloves (worn)
Jewellery
 r - an amulet of guardian spirit
Scrolls
 f - 3 scrolls of identify {unknown}
 h - a scroll of summoning {unknown}
 i - a scroll of fear {unknown}
 m - a scroll of immolation {unknown}
Potions
 g - a potion of mutation {unknown}
 j - a potion of might {unknown}
 k - a potion of curing
 n - a potion of haste {unknown}
 p - a potion of flight {unknown}


   Skills:
 + Level 3.1 Fighting
 + Level 3.9 Short Blades
 - Level 2.1 Throwing
 + Level 2.7 Dodging
 + Level 6.2 Stealth


You had 4 spell levels left.
You didn't know any spells.
Your spell library contained the following spells:

 Spells                   Type           Power      Damage    Failure   Level
 Lesser Beckoning         Tloc           0%         N/A       43%         2
 Gell's Gravitas          Tloc           0%         N/A       67%         3
 Teleport Other           Tloc           0%         N/A       67%         3


Dungeon Overview and Level Annotations

Branches:
Dungeon (3/15)

Altars:
Xom


Innate Abilities, Weirdness & Mutations

You are small and have problems with some larger weapons.
You are completely attuned to the shadows.


Message History

No target in view!
No target in view!
You see here a +0 pair of gloves.
s - a +0 pair of gloves You start putting on your armour.
You continue putting on your +0 pair of gloves. x4
You finish putting on your +0 pair of gloves.
You feel as though Xom is toying with you.
Suddenly, the walls become transparent!
You open the door.
A jelly comes into view.
A jelly is nearby!
The jelly quivers.
The jelly hits you but does no damage.
There is an open door here.
You hit the jelly. The acid corrodes you!
Your hands burn!
The jelly is lightly wounded.
The jelly misses you.
You barely miss the jelly.
The jelly is lightly wounded.
The jelly closely misses you.
You hit the jelly.
Your hands burn!
The jelly is lightly wounded.
The jelly closely misses you.
You hit the jelly but do no damage.
Your hands burn!
The jelly is lightly wounded.
You hit the jelly.
Your hands burn!
The jelly is moderately wounded.
The jelly completely misses you.
You hit the jelly but do no damage.
Your hands burn!
The jelly is moderately wounded.
The jelly barely misses you.
You hit the jelly.
Your hands burn!
You punch the jelly, but do no damage.
The jelly is heavily wounded.
The jelly hits you.
You are splashed with acid!
* * * LOW HITPOINT WARNING * * *
It was a potion of curing.
You feel better. The jelly hits you.
* * * LOW HITPOINT WARNING * * *
The acid corrodes you!
You are splashed with acid!
You die...

##......... #........†.#
#..........# #..........#
#.....[#...# #..........#
#......#...# #..........#
#......#...####..........#
#........................#
#...................######
###'####.............#
...........)#+##@##+##
###.###.##### #J# J#
#.....#.# +##+# #
....#.#.# ..... ..#...#.#
..._. ..#...#.######...
..#..<#......###
#.###########)#
#.........# #.#


You could see a jelly.

Vanquished Creatures
  A gnoll (D:1)
  3 adders
  A worm (D:2)
  A dart slug (D:1)
  An orc (D:3)
  9 endoplasms
  4 giant cockroaches (D:2)
  2 hobgoblins
  4 jackals (D:2)
  10 kobolds
  3 quokkas
  2 ball pythons (D:1)
  2 frilled lizards (D:1)
  4 goblins
  3 rats
50 creatures vanquished.

Notes
Turn   | Place    | Note
-------+----------+-------------------------------------------
     0 | D:1      | cforsyth the Kobold Brigand began the quest for the Orb.
     0 | D:1      | Reached XP level 1. HP: 12/12 MP: 1/1
   160 | D:1      | Reached XP level 2. HP: 18/18 MP: 2/2
   387 | D:1      | Reached XP level 3. HP: 22/22 MP: 3/3
  1097 | D:2      | Reached XP level 4. HP: 23/27 MP: 4/4
  1258 | D:2      | Reached skill level 6 in Stealth
  1728 | D:3      | Found a shimmering altar of Xom.
  1897 | D:3      | Found a faded altar of an unknown god.
  1942 | D:3      | Reached XP level 5. HP: 32/32 MP: 5/5
  1972 | D:3      | Splashed by a jelly's acid

Illustrated notes

Levels and vault maps discovered:
D:1:      erik_arrival_orb_chamber, layout_basic, minmay_tree_intersection
D:2:      minmay_door_path, layout_loops_cross
D:3:      layout_basic, dk_xom_monty_hall, basic_ecumenical_altar

Skill      XL: |  1  2  3  4 |
---------------+-------------+-----
Short Blades   | 3 |  3.9
Dodging        | 2 |  2.7
Fighting       | 3 |  3.1
Stealth        | 6 |  6.2
Throwing       | |  2.1

Action                     |  1- 3 |  4- 6 || total
---------------------------+-------+-------++-------
  Melee: Dagger            |    45 |    44 ||    89
         Punch             |       |     1 ||     1
    Use: Potion            |       |     1 ||     1
   Stab: Sleeping          |    24 |    17 ||    41
 Armour: Robe              |     4 |     3 ||     7
  Dodge: Dodged            |    11 |    19 ||    30

Table legend: (Time is in decaauts)
 A = Elapsed time spent in this place.
 B = Non-inter-level travel time spent in this place.
 C = Inter-level travel time spent in this place.
 D = Time resting spent in this place.
 E = Time spent auto-exploring this place.
 F = Levels seen in this place.
 G = Mean time per level.
                   A        B        C        D        E       F      G
               +--------+--------+--------+--------+--------+-----+--------+
         Total |   1957 |   1901 |     56 |      0 |   1607 |   3 |  652.3 |
       Dungeon |   1957 |   1901 |     56 |      0 |   1607 |   3 |  652.3 |
               +--------+--------+--------+--------+--------+-----+--------+

Top non-repeatable levels by time:
     D:2: 853 daAuts
     D:1: 824 daAuts
     D:3: 279 daAuts
